 Dungeon Crawl Stone Soup version 0.29-a0-338-g1ff7896281 (webtiles) character file.

Game seed: 11771911489136472700

375 spaghetti the Covert (level 6, 35/55 HPs)
             Began as a Deep Dwarf Delver on Apr 18, 2022.
             Was an Elder of Uskayaw.
             Quit the game on level 6 of the Dungeon.
             The game lasted 00:04:06 (506 turns).

spaghetti the Covert (Deep Dwarf Delver)             Turns: 506, Time: 00:04:06

Health: 35/55      AC:  6    Str: 15    XL:     6   Next: 44%
Magic:  1/4        EV: 12    Int: 11    God:    Uskayaw [****..]
Gold:   12         SH:  0    Dex: 16    Spells: 5/5 levels left

rFire   + . .      SeeInvis +   a - +0 short sword {short}
rCold   + . .      Faith    .   (no shield)
rNeg    . . .      Spirit   .   b - +0 leather armour
rPois   +          Reflect  .   (no helmet)
rElec   +          Harm     .   (no cloak)
rCorr   +          Rampage  .   h - +2 pair of gloves
Will    .....                   (no boots)
Stlth   ++++......              (no amulet)
HPRegen 0.00/turn               d - ring of see invisible
MPRegen 0.09/turn               (no ring)

@: resistant
A: damage resistance, heal wounds, sense surroundings 1, no regeneration
a: Heal Wounds, Renounce Religion, Stomp, Line Pass


You were on level 6 of the Dungeon.
You worshipped Uskayaw.
Uskayaw was noncommittal.
You visited 2 branches of the dungeon, and saw 4 of its levels.

You collected 12 gold pieces.


Innate Abilities, Weirdness & Mutations

You are resistant to damage.
You can heal yourself by infusing magical energy.
You passively map a small area around you.
You do not regenerate.


   Skills:
 - Level 2.6 Fighting
 - Level 1.7 Short Blades
 - Level 2.1 Dodging
 + Level 10.6 Stealth


You had 5 spell levels left.
You didn't know any spells.
Your spell library was empty.

Inventory:

Hand Weapons
 a - a +0 short sword (weapon) {short}
 e - a +1 dagger of draining {short}
   (You took it off an orc wizard on level 6 of the Dungeon)
Missiles
 i - 33 stones (quivered) {throwing}
Armour
 b - a +0 leather armour (worn)
 h - a +2 pair of gloves (worn)
   (You found it on level 5 of the Dungeon)
Jewellery
 d - a ring of see invisible (left hand)
   (You found it on level 5 of the Dungeon)
Wands
 g - a wand of digging (3)
Scrolls
 c - a scroll of fog

Dungeon Overview and Level Annotations

Branches:
Dungeon (6/15)             Temple (1/1) D:6

Altars:
Dithmenos
Nemelex Xobeh
Sif Muna
Uskayaw

Portals:
Ossuary: D:5

#..#...# * #...#....###### *
##.#.####......#
#..#..####...... ,
,*######.##...##...#
..........#..[)†#* , ,
..########....#..>.## , * ,
.....####..#.##)...#*,*
###########....l@)..##...##.,
...............<.).###..##..
##########..######.###.#..#
#....####..#....# *
##.#.........##.# *,
#.#######...#*.# , #.. ###.#*
* ##.# .# *, , ## .# .., ,


You could see an iguana.


Message History

Okay, then.
You aren't carrying any potions.
Okay, then.
Your magical essence is drained by the effort!
You feel much better.
The water moccasin bites you. x2 😕 HP[+25]
You regained 25 hp, and now have 37/46 hp.
You hit the water moccasin. The water moccasin barely misses you.
Uskayaw will force your foes to helplessly watch your dance.
Uskayaw prepares the audience for your solo!
The helpless water moccasin fails to defend itself.
You perforate the water moccasin like a sieve!!!
You kill the water moccasin!
The iguana is no longer paralysed.
Your Stealth skill increases to level 10!
You have reached level 6! 😕 HP[+7] MP[+1]
You now have 55 max hp (+9).
You regained 7 hp, and now have 44/55 hp.
The orc wizard shouts!
The orc shouts!
You hit the orc wizard.
The orc wizard hits you but does no damage.
You hit the orc wizard but do no damage.
The orc wizard hits you but does no damage.
The iguana bites you.
You hit the orc but do no damage. The iguana misses you.
The orc closely misses you.
The orc wizard gestures at you while chanting.
The magic dart hits you.
You hit the orc. The iguana bites you! The orc barely misses you.
The orc wizard hits you but does no damage.
Uskayaw prepares the audience for your solo! 😮 HP[-5]
You take 5 damage, and now have 39/55 hp.
You stomp with the beat, sending a shockwave through the revellers around you!
Uskayaw will no longer force your foes to helplessly watch your dance.
The iguana is no longer paralysed.
The orc wizard is no longer paralysed.
The orc is no longer paralysed.
The iguana bites you but does no damage.
The orc hits you with a +0 dagger.
The orc wizard gestures at you while chanting.
The puff of flame hits you. You resist.
Uskayaw will force your foes to helplessly watch your dance. 😮 MP[-3]
You lost 3 mp, and now have 0/5 mp.
Unknown command.
You hit the orc but do no damage.
The orc wizard gestures at you while chanting.
You easily resist.
The iguana bites you. The orc misses you. 😮 HP[-2]
You take 2 damage, and now have 37/55 hp.
You hit the orc but do no damage. The iguana bites you!
The orc hits you with a +0 dagger.
The orc wizard hits you but does no damage. 😮 HP[-7]
You take 7 damage, and now have 30/55 hp.
You hit the orc.
You kill the orc!
The iguana bites you!
* * * LOW HITPOINT WARNING * * *
The orc wizard hits you with a +0 dagger. 😨 HP[-6]
You take 6 damage, and now have 24/55 hp.
You hit the orc wizard. The iguana barely misses you.
The orc wizard hits you but does no damage. 😨 MP[+1]
You closely miss the orc wizard. The iguana bites you.
* * * LOW HITPOINT WARNING * * *
The orc wizard points at you and mumbles some strange words.
The puff of flame hits you. You resist.
* * * LOW HITPOINT WARNING * * *
😨 HP[-5]
You take 5 damage, and now have 19/55 hp.
You hit the orc wizard but do no damage.
The iguana closely misses you. The orc wizard closely misses you.
You closely miss the orc wizard.
The orc wizard points at you and mumbles some strange words.
You easily resist.
The iguana bites you but does no damage.
You closely miss the orc wizard. The iguana bites you!
* * * LOW HITPOINT WARNING * * *
The orc wizard mumbles some strange words.
The orc wizard flickers and vanishes for a moment. 😱 HP[-7]
You take 7 damage, and now have 12/55 hp.
You barely miss the orc wizard. The iguana bites you.
* * * LOW HITPOINT WARNING * * *
The orc wizard closely misses you. 😱 HP[-5]
You take 5 damage, and now have 7/55 hp.
You hit the orc wizard.
You kill the orc wizard!
The iguana bites you but does no damage.
You hit the iguana. The iguana misses you.
Uskayaw will force your foes to share their pain.
Your magical essence is drained by the effort!
You feel much better.
The iguana closely misses you. 😮 HP[+28]
You regained 28 hp, and now have 35/55 hp.
Are you sure you want to abandon this character and quit the game? (Confirm with "yes".)

Skill      XL: |  1  2  3  4  5 |
---------------+----------------+-----
Stealth        | 7 8 10 | 10.6
Fighting       | |  2.6
Short Blades   | |  1.7
Dodging        | |  2.1

Action                   |  1- 3 |  4- 6 || total
-------------------------+-------+-------++-------
Melee: Short sword       |     4 |    95 ||    99
       Punch             |       |     4 ||     4
Invok: Stomp             |       |     3 ||     3
 Abil: Heal Wounds       |       |     2 ||     2
  Use: Scroll            |     1 |     3 ||     4
       Potion            |       |     2 ||     2
 Stab: Sleeping          |     4 |     2 ||     6
       Paralysed         |       |     3 ||     3
Armor: Leather armour    |       |    44 ||    44
Dodge: Dodged            |       |    84 ||    84

Levels and vault maps discovered:
D:4:      layout_layer_cave, old_standard_altar, uniq_eustachio
D:5:      minmay_recursive_quarters, layout_basic,
          lightli_ossuary_entry_decrepit_ruins
D:6:      layout_rooms, minmay_temple_entry_wispy, minmay_puff
Temple:   mainiacjoe_temple_hex_bubbles

Notes
Turn   | Place    | Note
-------+----------+-------------------------------------------
     0 | D:5      | spaghetti the Deep Dwarf Delver began the quest for the
                  | Orb.
     0 | D:5      | Reached XP level 1. HP: 20/20 MP: 1/1
     0 | D:5      | magus.rc [v1.9.6]
    15 | D:5      | Noticed a scorpion
    55 | D:6      | Noticed an orc wizard
    76 | D:5      | Found a sand-covered staircase.
    79 | D:5      | Killed a scorpion
    80 | D:5      | Reached skill level 7 in Stealth
    80 | D:5      | Reached XP level 2. HP: 27/27 MP: 2/2
    80 | D:5      | Reached XP level 3. HP: 33/33 MP: 3/3
   104 | D:4      | Noticed an ogre
   237 | D:5      | Reached skill level 8 in Stealth
   237 | D:5      | Reached XP level 4. HP: 40/40 MP: 4/4
   310 | D:6      | Found a staircase to the Ecumenical Temple.
   321 | Temple   | Entered the Ecumenical Temple
   355 | Temple   | Became a worshipper of Uskayaw the Reveller
   371 | D:6      | Reached * piety under Uskayaw
   377 | D:6      | Reached XP level 5. HP: 31/46 MP: 1/5
   380 | D:6      | Reached ** piety under Uskayaw
   385 | D:6      | Reached skill level 9 in Stealth
   386 | D:6      | Reached *** piety under Uskayaw
   389 | D:6      | Reached **** piety under Uskayaw
   408 | D:6      | Reached ***** piety under Uskayaw
   460 | D:6      | Noticed a water moccasin
   486 | D:6      | Killed a water moccasin
   487 | D:6      | Reached skill level 10 in Stealth
   487 | D:6      | Reached XP level 6. HP: 44/55 MP: 3/5
   501 | D:6      | HP: 12/55 [iguana (7)]
   506 | D:6      | Quit the game

Vanquished Creatures
  A water moccasin (D:6)
  A scorpion (D:5)
  An orc priest (D:5)
  3 hounds (D:6)
  3 orc wizards (D:6)
  An adder (D:5)
  A white imp (D:6)
  5 orcs
  A goblin (D:4)
17 creatures vanquished.

Table legend:
 A = Non-vault XP
 B = Vault XP
 C = Vault XP percentage of total XP
 D = Non-vault monster count
 E = Vault monster count
 F = Vault count percentage of total count
                 A         B        C        D         E       F
            +---------+---------+-------+---------+---------+-------
      Total |     536 |       0 |   0.0 |      17 |       0 |   0.0
            +---------+---------+-------+---------+---------+-------
        D:4 |       1 |       0 |   0.0 |       1 |       0 |   0.0
        D:5 |     145 |       0 |   0.0 |       5 |       0 |   0.0
        D:6 |     390 |       0 |   0.0 |      11 |       0 |   0.0
            +---------+---------+-------+---------+---------+-------

Illustrated notes

Table legend:
 A = Kills in this place as a percentage of kills in entire the game.
 B = Kills by you in this place as a percentage of kills by you in the entire game.
 C = Kills by friends in this place as a percentage of kills by friends in the entire game.
 D = Other kills in this place as a percentage of other kills in the entire game.
 E = Experience gained in this place as a percentage of experience gained in the entire game.
 F = Experience gained in this place divided by the number of levels of this place that you have seen.
                   A       B       C       D       E      F
               +-------+-------+-------+-------+-------+----------------------
         Total | 100.0 | 100.0 |   N/A |   N/A | 100.0 | 134.0
       Dungeon | 100.0 | 100.0 |   N/A |   N/A | 100.0 | 178.7
               +-------+-------+-------+-------+-------+----------------------

Table legend: (Time is in decaauts)
 A = Elapsed time spent in this place.
 B = Non-inter-level travel time spent in this place.
 C = Inter-level travel time spent in this place.
 D = Time resting spent in this place.
 E = Time spent auto-exploring this place.
 F = Levels seen in this place.
 G = Mean time per level.
                   A        B        C        D        E       F      G
               +--------+--------+--------+--------+--------+-----+--------+
         Total |    494 |    478 |     16 |      0 |    215 |   4 |  123.5 |
       Dungeon |    450 |    443 |      7 |      0 |    191 |   3 |  150.0 |
        Temple |     43 |     34 |      9 |      0 |     24 |   1 |   43.0 |
               +--------+--------+--------+--------+--------+-----+--------+

Top non-repeatable levels by time:
     D:5: 252 daAuts
     D:6: 163 daAuts
  Temple: 43 daAuts
     D:4: 34 daAuts
